[Event "Team 45 45 League T58"]
[Site "Internet Chess Club"]
[Date "2013.09.01"]
[Round "2"]
[White "minke"]
[Black "dmarcolino"]
[Result "1-0"]
[WhiteElo "1935"]
[BlackElo "1941"]
[Opening "French: Steinitz, Boleslavsky variation"]
[ECO "C11"]
[Time "16:06:38"]
[TimeControl "2700+45"]

1. e4 e6 2. d4 d5 3. Nc3 Nf6 4. e5 Nfd7 5. f4 c5 6. Nf3 Nc6 7. Be3 Be7 8. Qd2
O-O 9. Be2 f5 10. exf6 Rxf6 11. O-O cxd4 12. Nxd4 e5 13. Nxc6 bxc6 14. Nxd5 Rf7
15. Nxe7+ Rxe7 16. fxe5 Rxe5 17. Bc4+ Kh8 18. Rf7 Qh4 19. Bd4 Rg5 20. Raf1
{Black resigns} 1-0

[Event "Team 45 45 League T58"]
[Site "Internet Chess Club"]
[Date "2013.08.30"]
[Round "2"]
[White "Campagnolo"]
[Black "Pomberito"]
[Result "0-1"]
[WhiteElo "2073"]
[BlackElo "2161"]
[Opening "Queen's pawn game"]
[ECO "E10"]
[Time "20:50:50"]
[TimeControl "2700+45"]

1. Nf3 Nf6 2. c4 e6 3. d4 d5 4. g3 Bb4+ 5. Bd2 Be7 6. Bf4 dxc4 7. Bg2 Nd5 8. Bd2
b5 9. a4 c6 10. Na3 a6 11. axb5 axb5 12. O-O c3 13. Bc1 b4 14. Nc2 Rxa1 15. Nxa1
Qa5 16. Nb3 Qa2 17. Qc2 Ba6 18. Ne5 f6 19. Nd3 Bc4 20. Bxd5 cxd5 21. Nbc5 Bxc5
22. Nxc5 Kf7 23. Re1 Nc6 24. e3 g6 25. Qa4 Qxa4 26. Nxa4 Ra8 27. Nb6 Ra1 28.
bxc3 bxc3 29. Bd2 cxd2 30. Rxa1 Bb3 {White resigns} 0-1

[Event "Team 45 45 League T58"]
[Site "Internet Chess Club"]
[Date "2013.09.03"]
[Round "2"]
[White "steadman"]
[Black "ben622"]
[Result "1/2-1/2"]
[WhiteElo "2081"]
[BlackElo "2025"]
[Opening "Grünfeld: exchange variation"]
[ECO "D85"]
[Time "15:02:10"]
[TimeControl "2700+45"]

1. d4 Nf6 2. c4 g6 3. Nc3 d5 4. cxd5 Nxd5 5. e4 Nxc3 6. bxc3 Bg7 7. Bg5 c5 8.
Rc1 O-O 9. d5 Qa5 10. Qd2 Nd7 11. h4 Nf6 12. Bd3 c4 13. Bb1 e6 14. d6 Bd7 15.
Nf3 e5 16. Bxf6 Bxf6 17. h5 Bg4 18. Ng5 Qd8 19. Nxh7 Bxh5 20. Nxf6+ Qxf6 21. f3
Rad8 22. d7 Kg7 23. Rd1 Rh8 24. Qf2 g5 25. g4 Bg6 26. Rxh8 Rxh8 27. Ke2 b6 28.
Bc2 Rd8 29. Qe3 Qf4 30. Qxf4 gxf4 31. Ba4 Kf6 32. Rd5 Ke6 33. Bb5 f6 34. Ke1 Ke7
35. g5 Bf7 36. gxf6+ Kxf6 37. Rd6+ Ke7 38. Rh6 Be6 39. Rh7+ Kd6 40. Rh6 Ke7 41.
Rh7+ Kd6 42. Rh6 Ke7 {Game drawn by repetition} 1/2-1/2

[Event "Team 45 45 League T58"]
[Site "Internet Chess Club"]
[Date "2013.09.05"]
[Round "2"]
[White "TerryMalloy"]
[Black "Kueh"]
[Result "1-0"]
[WhiteElo "2026"]
[BlackElo "1980"]
[Opening "English: symmetrical, three knights system"]
[ECO "A30"]
[Time "17:23:21"]
[TimeControl "2700+45"]

1. c4 c5 2. Nf3 Nf6 3. Nc3 d5 4. cxd5 Nxd5 5. d4 Nxc3 6. bxc3 e6 7. e4 cxd4 8.
cxd4 Bb4+ 9. Bd2 Bxd2+ 10. Qxd2 O-O 11. Bc4 Nd7 12. O-O Nf6 13. Rfe1 b6 14. Rad1
Bb7 15. Qf4 Rc8 16. Bb3 a5 17. Qh4 b5 18. Ng5 h6 19. Nxe6 fxe6 20. Bxe6+ Kh8 21.
Bxc8 Qxc8 22. Rc1 Qe6 23. d5 Qe5 24. f3 Nh5 25. Red1 Rf6 26. d6 Nf4 27. d7 Ne6
28. d8=Q+ Nxd8 29. Rxd8+ Kh7 30. Qg3 Qb2 31. Qc7 Bxe4 32. Qc3 Qxc3 33. Rxc3 Bb1
34. Rd2 b4 35. Rb3 Bg6 36. Kf2 Rb6 37. Ke3 a4 38. Rbb2 a3 39. Rb3 Bf7 40. Rb1
Bg6 41. Rc1 b3 42. axb3 Rxb3+ 43. Kf2 Bb1 44. Rc7 a2 45. Ra7 h5 46. h4 Rb4 47.
Kg3 Kh6 48. Rd6+ Kh7 49. Rd5 Kh6 50. Ra6+ g6 51. Rd7 Rb6 52. Raa7 g5 53. hxg5+
Kxg5 54. Rd5+ Kg6 55. Rda5 Rb2 56. R7a6+ Kg7 57. Rxh5 Bd3 58. Ra7+ Kg6 59. Rha5
Bc4 60. Rc5 Bb5 61. Rxa2 Rxa2 62. Rxb5 Kf6 63. f4 {Black resigns} 1-0

[Event "Team 45 45 League T58"]
[Site "Internet Chess Club"]
[Date "2013.09.08"]
[Round "2"]
[White "DouDou"]
[Black "RubberDuck"]
[Result "0-1"]
[WhiteElo "1896"]
[BlackElo "1781"]
[Opening "Petrov: classical attack, Marshall variation"]
[ECO "C42"]
[Time "12:01:27"]
[TimeControl "2700+45"]

1. e4 e5 2. Nf3 Nf6 3. Nxe5 d6 4. Nf3 Nxe4 5. d4 d5 6. Bd3 Bd6 7. O-O O-O 8. c4
c6 9. Re1 Bf5 10. Nc3 Nxc3 11. bxc3 Bxd3 12. Qxd3 dxc4 13. Qxc4 Nd7 14. Bg5 Qc7
15. Be7 Nb6 16. Bxd6 Qxd6 17. Qb3 Rfe8 18. c4 Qc7 19. Rab1 Rxe1+ 20. Rxe1 Rd8
21. a4 Nd7 22. Re7 Qd6 23. Qe3 Kf8 24. Re4 Nf6 25. Rf4 Re8 26. Qd2 Qa3 27. Qd1
Qc3 28. c5 Nd5 29. Rh4 h6 30. Ne5 f6 31. Rh3 Qb4 32. Rf3 Kg8 33. Rb3 Qxa4 34.
Qb1 fxe5 35. dxe5 b5 36. cxb6 axb6 37. f4 Qxf4 38. Rf3 Qxe5 39. Rf5 Qe3+ 40. Kh1
Qe1+ 41. Rf1 Qxb1 42. Rxb1 Kf7 43. h4 Re2 44. g3 c5 45. g4 Re4 46. Rf1+ Ke6 47.
Rg1 b5 48. Rc1 Rxg4 49. Rxc5 Rxh4+ 50. Kg2 b4 51. Kg3 Re4 52. Kf3 Re3+ 53. Kf2
Rc3 54. Rb5 b3 55. Kg1 h5 56. Kh1 g5 57. Kg1 Ke5 58. Kf1 Ke4 59. Ke2 Rc2+ 60.
Kd1 Nc3+ 61. Ke1 Nxb5 62. Kd1 Nc3+ 63. Ke1 b2 64. Kf1 b1=Q# {White checkmated}
0-1

[Event "Team 45 45 League T58"]
[Site "Internet Chess Club"]
[Date "2013.08.31"]
[Round "2"]
[White "xt"]
[Black "hi12980"]
[Result "1-0"]
[WhiteElo "1646"]
[BlackElo "1668"]
[Opening "Giuoco Piano"]
[ECO "C54"]
[Time "23:29:23"]
[TimeControl "2700+45"]

1. e4 e5 2. Nf3 Nc6 3. Bc4 Bc5 4. c3 Nf6 5. d4 exd4 6. cxd4 Bb4+ 7. Bd2 O-O 8.
a3 Bxd2+ 9. Nbxd2 Qe7 10. e5 d6 11. O-O dxe5 12. Re1 Bg4 13. Qc2 Bxf3 14. Nxf3
e4 15. d5 Qd6 16. Ng5 Ne7 17. Nxe4 Nxe4 18. Qxe4 Ng6 19. Rad1 Rad8 20. Qe3 b6
21. Bb5 Qf6 22. Re2 Nf4 23. Red2 Nxd5 24. Rxd5 Rxd5 25. Rxd5 c6 26. Re5 cxb5 27.
Rxb5 Rd8 28. h3 Qe6 29. Re5 Rd1+ 30. Kh2 Qd6 31. f4 h6 32. Qe4 Rd4 33. Re8+
{Black resigns} 1-0

[Event "Team 45 45 League T58"]
[Site "Internet Chess Club"]
[Date "2013.08.31"]
[Round "2"]
[White "alvin295"]
[Black "oldsj"]
[Result "1-0"]
[WhiteElo "1302"]
[BlackElo "1559"]
[Opening "Sicilian: Scheveningen (Paulsen), classical variation"]
[ECO "B84"]
[Time "12:00:45"]
[TimeControl "2700+45"]

1. e4 c5 2. Nf3 d6 3. d4 cxd4 4. Nxd4 Nf6 5. Nc3 a6 6. Be2 e6 7. Bg5 Be7 8. Qd2
Nc6 9. Nf3 h6 10. Bh4 b5 11. a3 Bb7 12. Rd1 Na5 13. Bxf6 gxf6 14. O-O Rc8 15.
Rfe1 Nc4 16. Qc1 h5 17. b3 Nb6 18. Rd3 Bf8 19. Qd1 Ke7 20. e5 fxe5 21. Nxe5 Rg8
22. Bf3 Qc7 23. Bxb7 Qxb7 24. Nf3 Bg7 25. Ne2 Nd5 26. Ng3 Kf8 27. Nxh5 Rd8 28.
c4 bxc4 29. bxc4 Ne7 30. Rxd6 Rxd6 31. Qxd6 Qa8 32. Rd1 Ke8 33. Qd7+ Kf8 34.
Qd8+ Qxd8 35. Rxd8# {Black checkmated} 1-0

[Event "Team 45 45 League T58"]
[Site "Internet Chess Club"]
[Date "2013.08.31"]
[Round "2"]
[White "mongmong"]
[Black "ilovechess"]
[Result "0-1"]
[WhiteElo "1547"]
[BlackElo "1401"]
[Opening "Grünfeld: modern exchange variation"]
[ECO "D90"]
[Time "15:00:47"]
[TimeControl "2700+45"]

1. d4 Nf6 2. Nf3 g6 3. c4 Bg7 4. Nc3 d5 5. cxd5 Nxd5 6. e4 Nxc3 7. bxc3 c5 8.
Rb1 Qa5 9. Rb5 Qxc3+ 10. Bd2 Qa3 11. Ra5 Qb2 12. Rxc5 O-O 13. Rc2 Qb6 14. Be3
Bg4 15. Be2 Nd7 16. O-O Rac8 17. d5 Qd6 18. h3 Bxf3 19. Bxf3 b6 20. Bg4 Rxc2 21.
Qxc2 Nf6 22. Bf3 Qe5 23. Rc1 e6 24. dxe6 Qxe6 25. Qc7 Qxa2 26. Rc2 Qb1+ 27. Kh2
Qa1 28. e5 Nh5 29. g3 Bxe5 30. Qc4 Ng7 31. Ra2 Qb1 32. Rxa7 Ne6 33. Bd5 Qf5 34.
Bxb6 Rb8 35. Be3 Ng5 36. Bg2 Nf3+ 37. Bxf3 Qxf3 38. Qg4 Qd5 39. Rd7 Qc6 40. Qd1
Qf6 41. Qd5 Re8 42. Kg2 Kg7 43. h4 Re6 44. Bg5 Qf5 45. Qd2 Qe4+ 46. Kh2 Re8 47.
Qa2 Qf5 48. Qd5 Qxf2+ 49. Kh3 Qxg3# {White checkmated} 0-1

[Event "Team 45 45 League T58"]
[Site "Internet Chess Club"]
[Date "2013.08.31"]
[Round "2"]
[White "spongenotbob"]
[Black "otherook"]
[Result "1/2-1/2"]
[WhiteElo "1842"]
[BlackElo "1772"]
[Opening "Old Indian defense"]
[ECO "A42"]
[Time "19:00:08"]
[TimeControl "2700+45"]

1. d4 d6 2. c4 e5 3. d5 f5 4. e4 Nf6 5. exf5 Bxf5 6. Nc3 Be7 7. Nge2 O-O 8. Ng3
Bg6 9. Bd3 Bxd3 10. Qxd3 Na6 11. O-O Nc5 12. Qe2 a5 13. Be3 b6 14. Rfd1 Qd7 15.
Bxc5 bxc5 16. Nce4 Nxe4 17. Qxe4 Rf4 18. Qe2 Raf8 19. Rf1 Qg4 20. Qxg4 Rxg4 21.
Rac1 Rff4 22. h3 Rh4 23. b3 Rf8 24. a3 Rhf4 25. Rc2 Bh4 26. Rc3 Bxg3 27. Rxg3 a4
28. Rb1 axb3 29. Rbxb3 Rxc4 30. Rb7 Rc1+ 31. Kh2 Rxf2 32. Rxc7 g6 33. Rc6 c4 34.
Re3 Rcc2 35. Rg3 Rc1 36. Rxd6 c3 37. Rc6 c2 38. Rgc3 Rd1 39. Rc8+ Kg7 40. Rxc2
Rxc2 41. Rxc2 Rxd5 42. Rc3 Kf6 {Game drawn by mutual agreement} 1/2-1/2

[Event "Team 45 45 League T58"]
[Site "Internet Chess Club"]
[Date "2013.08.31"]
[Round "2"]
[White "hondocando"]
[Black "Schack"]
[Result "1-0"]
[WhiteElo "1658"]
[BlackElo "1684"]
[Opening "French defense"]
[ECO "C00"]
[Time "19:00:29"]
[TimeControl "2700+45"]

1. e4 e6 2. c3 d5 3. exd5 exd5 4. d4 Bd6 5. Nf3 Nf6 6. Bg5 O-O 7. Be2 Qe7 8. O-O
Re8 9. Re1 h6 10. Bb5 hxg5 11. Rxe7 Rxe7 12. Nxg5 Bg4 13. f3 Bh5 14. Nd2 c6 15.
Bd3 Nbd7 16. Qb3 Nf8 17. c4 Bf4 18. cxd5 cxd5 19. Qb4 Rae8 20. Nh3 Be3+ 21. Kf1
a6 22. Ng1 Ne6 23. Ne2 g5 24. h3 a5 25. Qxa5 Nxd4 26. Nxd4 Bxd4 27. Nb3 Bxb2 28.
Rb1 Be5 29. Kf2 Bf4 30. Rb2 Ne4+ 31. fxe4 dxe4 32. Be2 e3+ 33. Kf1 Re5 34. Qe1
Bg6 35. g3 Bxg3 36. Qxg3 Rf5+ 37. Kg1 Rf2 38. Qxg5 Re4 39. h4 Rf5 40. Qg3 Kh7
41. h5 Bxh5 42. Bxh5 Rxh5 43. Rh2 Rxh2 44. Qxh2+ Kg6 45. Qg2+ Kf5 46. Qe2 Rg4+
47. Kf1 Rf4+ 48. Ke1 Ke4 49. Nd2+ Kd4 50. Qc4+ Ke5 51. Qc7+ Kf5 52. Qxf7+ Kg4
53. Qg6+ Kh3 54. Ne4 Rg4 55. Qh6+ {Black resigns} 1-0

[Event "Team 45 45 League T58"]
[Site "Internet Chess Club"]
[Date "2013.09.01"]
[Round "2"]
[White "drsigmund1"]
[Black "crazyhorses"]
[Result "1-0"]
[WhiteElo "1574"]
[BlackElo "1451"]
[Opening "Queen's bishop game"]
[ECO "D02"]
[Time "14:00:25"]
[TimeControl "2700+45"]

1. d4 d5 2. Nf3 Nf6 3. Bf4 c5 4. c3 Qb6 5. Qb3 Nc6 6. Nbd2 e6 7. e3 c4 8. Qc2
Bd7 9. Rb1 Nh5 10. Bg3 Nxg3 11. hxg3 g6 12. b3 cxb3 13. Rxb3 Qc7 14. e4 Bg7 15.
exd5 exd5 16. Bd3 O-O-O 17. O-O f6 18. Rxb7 Kxb7 19. Rb1+ Ka8 20. c4 Be6 21. Rc1
Na5 22. Qa4 Rc8 23. Nb3 Nxb3 24. axb3 dxc4 25. Be4+ Kb8 26. bxc4 a6 27. Qxa6
Bxc4 28. Qa8# {Black checkmated} 1-0

[Event "Team 45 45 League T58"]
[Site "Internet Chess Club"]
[Date "2013.09.02"]
[Round "2"]
[White "caglar"]
[Black "sdcohle"]
[Result "1-0"]
[WhiteElo "1560"]
[BlackElo "1472"]
[Opening "French: exchange variation"]
[ECO "C01"]
[Time "14:03:14"]
[TimeControl "2700+45"]

1. e4 e6 2. d4 d5 3. exd5 exd5 4. c4 dxc4 5. Bxc4 Nf6 6. Nf3 Be7 7. O-O O-O 8.
h3 Re8 9. Qb3 Rf8 10. Ne5 Qe8 11. Re1 Nbd7 12. Nxf7 Rxf7 13. Bxf7+ Qxf7 14. Rxe7
Qxb3 15. axb3 Nd5 16. Re1 b6 17. Na3 Bb7 18. Bd2 N7f6 19. Nc4 a5 20. Ne5 Rd8 21.
b4 axb4 22. Ra7 Bc8 23. Nc6 Rf8 24. Ne7+ Kf7 25. Nxd5 Nxd5 26. Re5 Rd8 27. Ra8
h6 28. Rxc8 Rxc8 29. Rxd5 c6 30. Re5 Rd8 31. Be3 Kf6 32. f4 g6 33. Kf2 Rd5 34.
Kf3 h5 35. Ke4 Rd6 36. Bd2 c5 37. Rd5 Re6+ 38. Kd3 Rc6 39. dxc5 bxc5 40. Kc4 Re6
41. Kxc5 Re2 42. g4 hxg4 43. hxg4 b3 44. Kb4 Rg2 45. g5+ Ke6 46. Rd4 Rg3 47. Bc3
Kf5 48. Kxb3 Rf3 49. Kc4 Re3 50. b4 Re8 51. b5 Rc8+ 52. Kb4 Ke6 53. Rc4 Rb8 54.
Be5 Rb7 55. Rc6+ Kd7 56. Rxg6 Kc8 57. Rg8+ Kd7 58. Rg7+ Kc8 59. Rxb7 Kxb7 60. g6
Kc8 61. Kc5 Kb7 62. g7 Kc8 63. g8=Q+ Kb7 64. Qb8# {Black checkmated} 1-0

[Event "Team 45 45 League T58"]
[Site "Internet Chess Club"]
[Date "2013.09.01"]
[Round "2"]
[White "justice02"]
[Black "JWB"]
[Result "1-0"]
[WhiteElo "1817"]
[BlackElo "1735"]
[Opening "Réti: King's Indian attack"]
[ECO "A05"]
[Time "14:30:05"]
[TimeControl "2700+45"]

1. Nf3 Nf6 2. g3 g6 3. Bg2 Bg7 4. O-O O-O 5. c3 c5 6. d4 cxd4 7. cxd4 d6 8. Nc3
Nc6 9. e3 Bd7 10. a3 Rc8 11. Re1 a6 12. Bd2 Na5 13. b3 b5 14. Rc1 Be6 15. d5
Nxd5 16. Nxd5 Rxc1 17. Bxc1 Bxd5 18. Qxd5 Qc7 19. Bd2 Nb7 20. Rc1 Qd7 21. Ng5
Bb2 22. Rc2 e6 23. Qxb7 {Black resigns} 1-0

[Event "Team 45 45 League T58"]
[Site "Internet Chess Club"]
[Date "2013.08.30"]
[Round "2"]
[White "ticopatzer"]
[Black "badmove"]
[Result "1-0"]
[WhiteElo "1716"]
[BlackElo "1681"]
[Opening "Queen's Indian: 4.Nc3"]
[ECO "E12"]
[Time "17:37:01"]
[TimeControl "2700+45"]

1. d4 Nf6 2. c4 e6 3. Nf3 b6 4. Nc3 Bb4 5. e3 Ne4 6. Bd2 Bxc3 7. Bxc3 Nxc3 8.
bxc3 Bb7 9. Bd3 d6 10. O-O Qf6 11. Nd2 Nd7 12. Rb1 Qe5 {Black resigns} 1-0

[Event "Team 45 45 League T58"]
[Site "Internet Chess Club"]
[Date "2013.09.01"]
[Round "2"]
[White "houseofcook"]
[Black "julesraider"]
[Result "0-1"]
[WhiteElo "1478"]
[BlackElo "1603"]
[Opening "Caro-Kann: exchange variation"]
[ECO "B13"]
[Time "11:00:19"]
[TimeControl "2700+45"]

1. e4 c6 2. d4 d5 3. exd5 cxd5 4. Bd3 Nc6 5. c3 Qc7 6. Ne2 Bg4 7. f3 Bh5 8. Bf4
Qb6 9. Qb3 Nf6 10. Nd2 e6 11. O-O Be7 12. Rab1 O-O 13. Ng3 Bg6 14. Bxg6 hxg6 15.
Qxb6 axb6 16. a3 Na5 17. Rfe1 Rfc8 18. Be5 b5 19. Ra1 Nd7 20. Bf4 Nb6 21. Rab1
Nbc4 22. Nxc4 bxc4 23. Nf1 Ra6 24. Ne3 Bf8 25. Ng4 Nb3 26. Re2 Rb6 27. Ne5 Be7
28. Bg3 Rd8 29. f4 Na5 30. Bf2 Bxa3 31. Ree1 Rxb2 32. Ra1 Rb3 33. Rec1 {White
resigns} 0-1

[Event "Team 45 45 League T58"]
[Site "Internet Chess Club"]
[Date "2013.09.01"]
[Round "2"]
[White "rayngrant"]
[Black "seattleblues"]
[Result "1-0"]
[WhiteElo "1529"]
[BlackElo "1446"]
[Opening "Caro-Kann: exchange variation"]
[ECO "B13"]
[Time "22:03:02"]
[TimeControl "2700+45"]

1. e4 c6 2. d4 d5 3. exd5 cxd5 4. Bd3 Nc6 5. c3 Qc7 6. Ne2 Bg4 7. f3 Bh5 8. Bf4
Qd7 9. O-O e6 10. Qb3 Nf6 11. Nd2 Be7 12. Qc2 Bg6 13. Bxg6 hxg6 14. Rfe1 Bd6 15.
Nf1 O-O-O 16. a3 Bxf4 17. Nxf4 g5 18. Ne2 g4 19. Qd3 gxf3 20. Qxf3 Qd6 21. Nf4
Ne7 22. Nd3 Nf5 23. Ne5 Rdf8 24. Ng3 Nxg3 25. Qxg3 Nh5 26. Qe3 Nf6 27. c4 dxc4
28. a4 Nd7 29. h3 Nxe5 30. dxe5 Qd3 31. Qxa7 Qg3 32. Rac1 Qb3 33. Qc5+ Kb8 34.
Qxc4 Qxc4 35. Rxc4 Rc8 36. Rec1 Rxc4 37. Rxc4 Rc8 38. Rxc8+ Kxc8 39. Kf2 Kc7 40.
Ke3 Kc6 41. Kd4 b6 42. b4 Kb7 43. h4 Kc6 44. g4 {Black forfeits on time} 1-0

[Event "Team 45 45 League T58"]
[Site "Internet Chess Club"]
[Date "2013.08.31"]
[Round "2"]
[White "AVEMARIA"]
[Black "Portola"]
[Result "1/2-1/2"]
[WhiteElo "1667"]
[BlackElo "1778"]
[Opening "French: Tarrasch"]
[ECO "C03"]
[Time "11:00:53"]
[TimeControl "2700+45"]

1. e4 e6 2. d4 d5 3. Nd2 dxe4 4. Nxe4 Be7 5. Nf3 Nf6 6. Nxf6+ Bxf6 7. c3 Nd7 8.
Bd3 O-O 9. O-O c5 10. Qc2 g6 11. Bh6 Re8 12. Bb5 Qc7 13. Rac1 b6 14. Qd2 Rd8 15.
Qe3 Bb7 16. Bf4 Qc8 17. Ne5 Nxe5 18. dxe5 Be7 19. Rfd1 Qc7 20. Be2 Rxd1+ 21.
Rxd1 Rd8 22. h3 Rxd1+ 23. Bxd1 Qd7 24. Qd2 Qxd2 25. Bxd2 a5 26. a4 Bd5 27. b3
Kg7 28. c4 Be4 29. f3 Bc6 30. Kf2 f6 31. Bf4 f5 32. g3 h6 33. h4 g5 34. hxg5
hxg5 35. Bc1 {Game drawn by mutual agreement} 1/2-1/2

[Event "Team 45 45 League T58"]
[Site "Internet Chess Club"]
[Date "2013.08.31"]
[Round "2"]
[White "rubo"]
[Black "Egmont"]
[Result "1-0"]
[WhiteElo "1698"]
[BlackElo "1745"]
[Opening "Bird's opening"]
[ECO "A03"]
[Time "01:00:40"]
[TimeControl "2700+45"]

1. f4 d5 2. Nf3 Nf6 3. e3 Bf5 4. b3 h6 5. Bb2 e6 6. Be2 Be7 7. Ne5 O-O 8. O-O c5
9. d3 Nc6 10. Nxc6 bxc6 11. Nd2 Qb6 12. Rf3 a5 13. a4 Bg4 14. Rg3 Bxe2 15. Qxe2
Kh8 16. Rf1 Rg8 17. Rh3 Kh7 18. Kh1 d4 19. Nc4 Qc7 20. exd4 Nd5 21. dxc5 Bxc5
22. Qe4+ g6 23. Rff3 Bf8 24. Be5 Qa7 25. Nd6 Rd8 26. c4 Bxd6 27. Rxh6+ {Black
resigns} 1-0

[Event "Team 45 45 League T58"]
[Site "Internet Chess Club"]
[Date "2013.09.01"]
[Round "2"]
[White "Kingofknights"]
[Black "evan7284"]
[Result "0-1"]
[WhiteElo "1670"]
[BlackElo "1728"]
[Opening "QGD: 3.Nc3"]
[ECO "D31"]
[Time "10:00:20"]
[TimeControl "2700+45"]

1. d4 d5 2. c4 e6 3. Nc3 f5 4. g3 c6 5. Nf3 Nf6 6. cxd5 exd5 7. Bf4 Bd6 8. Bxd6
Qxd6 9. Ne5 Be6 10. e3 Nbd7 11. f4 O-O 12. Be2 Ne4 13. Nxe4 fxe4 14. a3 Nxe5 15.
dxe5 Qc5 16. Qd2 Bh3 17. Bf1 Bxf1 18. Rxf1 Rad8 19. Qd4 Qa5+ 20. Qc3 Qb6 21. Rd1
c5 22. b4 cxb4 23. axb4 Rc8 24. Qb3 Kh8 25. Kf2 Rc4 26. Rfe1 Qb5 27. Rd4 Rfc8
28. Re2 a5 29. Red2 Rxd4 30. Rxd4 Rc1 31. Rd1 Rxd1 32. Qxd1 axb4 33. Qc2 Qc4 34.
Qa4 h6 35. f5 b5 36. Qa8+ Kh7 37. Qe8 Qc2+ 38. Kg1 Qd1+ 39. Kg2 Qf3+ {White
resigns} 0-1

[Event "Team 45 45 League T58"]
[Site "Internet Chess Club"]
[Date "2013.09.02"]
[Round "2"]
[White "g8wrb"]
[Black "whiskeytown"]
[Result "1-0"]
[WhiteElo "1444"]
[BlackElo "1607"]
[Opening "Pirc: classical (two knights) system"]
[ECO "B08"]
[Time "12:02:33"]
[TimeControl "2700+45"]

1. e4 d6 2. d4 Nf6 3. Nc3 g6 4. Nf3 Bg7 5. Bc4 O-O 6. O-O Nxe4 7. Nxe4 d5 8.
Bxd5 Qxd5 9. Re1 Bg4 10. Nc3 Qd8 11. d5 Nd7 12. Bg5 Re8 13. h3 Bxf3 14. Qxf3 Nf6
15. Rad1 Qd7 16. Rd3 Rad8 17. b3 Qc8 18. Red1 Nd7 19. Bf4 Be5 20. Qe3 Bxf4 21.
Qxf4 c6 22. d6 Nc5 23. Rf3 Qf5 24. Qxf5 gxf5 25. Rxf5 Rxd6 26. Rxc5 Rxd1+ 27.
Nxd1 Rd8 28. Nc3 Rd2 29. Ne4 Rd4 30. Rc4 {Black resigns} 1-0

[Event "Team 45 45 League T58"]
[Site "Internet Chess Club"]
[Date "2013.08.31"]
[Round "2"]
[White "Buford-Julep"]
[Black "Grenadier"]
[Result "1-0"]
[WhiteElo "1754"]
[BlackElo "1694"]
[Opening "Old Indian defense"]
[ECO "A53"]
[Time "14:08:25"]
[TimeControl "2700+45"]

1. d4 Nf6 2. c4 d6 3. Nc3 Nbd7 4. e4 e5 5. d5 Be7 6. Be3 b6 7. b4 a5 8. a3 O-O
9. f3 Bb7 10. Bd3 axb4 11. axb4 Rxa1 12. Qxa1 Qa8 13. Qb2 Qa6 14. Nge2 Ra8 15.
O-O Qa3 16. Bc1 Qxb2 17. Bxb2 c5 18. dxc6 Bxc6 19. Ra1 Nh5 20. Rxa8+ Bxa8 21.
Nd5 Bxd5 22. cxd5 g5 23. g3 Nhf6 24. h3 h5 25. Bc1 g4 26. hxg4 hxg4 27. f4 exf4
28. Bxf4 Ne5 29. Bc2 Nf3+ 30. Kf2 Nd7 31. Be3 Bd8 32. Nd4 Nde5 33. Nf5 Nc4 34.
Bf4 Bc7 35. Nh6+ Kg7 36. Nxg4 Nfe5 37. Nxe5 Nxe5 38. Bd2 Kf6 39. Bc3 Ke7 40. Bd1
f6 41. Be2 Bd8 42. Bd4 Bc7 43. Ke3 Kf7 44. Kd2 Ke7 45. Kc3 Kd7 46. Kb3 Kc8 47.
Ka4 Kb7 48. Kb5 Ka7 49. Bxe5 dxe5 50. Kc6 Kb8 51. d6 Bd8 52. Kd7 {Black resigns}
1-0

[Event "Team 45 45 League T58"]
[Site "Internet Chess Club"]
[Date "2013.09.01"]
[Round "2"]
[White "GoIrish"]
[Black "LazyPeon"]
[Result "0-1"]
[WhiteElo "1621"]
[BlackElo "1742"]
[Opening "Réti: King's Indian attack"]
[ECO "A05"]
[Time "06:30:09"]
[TimeControl "2700+45"]

1. Nf3 Nf6 2. g3 g6 3. Bg2 Bg7 4. O-O d5 5. d3 O-O 6. Nbd2 c5 7. e4 dxe4 8. dxe4
Nc6 9. Re1 Qc7 10. a4 Rd8 11. Qe2 e5 12. b3 Nd4 13. Nxd4 cxd4 14. Nc4 Be6 15.
Nb2 Rac8 16. Nd3 Qxc2 17. Qxc2 Rxc2 18. Nxe5 Ng4 19. Nxg4 Bxg4 20. f3 Be6 21. b4
d3 22. Rd1 Bxa1 23. Bg5 d2 {White resigns} 0-1

[Event "Team 45 45 League T58"]
[Site "Internet Chess Club"]
[Date "2013.09.03"]
[Round "2"]
[White "nanning"]
[Black "BrerRabbit"]
[Result "1-0"]
[WhiteElo "1645"]
[BlackElo "1479"]
[Opening "Old Indian: Tartakower (Wade) variation"]
[ECO "A41"]
[Time "14:01:58"]
[TimeControl "2700+45"]

1. d4 d6 2. Nf3 Bg4 3. c4 Nd7 4. Nc3 e6 5. e4 c6 6. Be2 d5 7. cxd5 cxd5 8. h3
Bxf3 9. Bxf3 dxe4 10. Bxe4 Qb6 11. d5 e5 12. O-O Ngf6 13. Rb1 Bd6 14. Be3 Qa5
15. Qb3 Nxe4 16. Nxe4 Qb4 17. Nxd6+ Qxd6 18. Qxb7 Rb8 19. Qc6 Qxc6 20. dxc6 Nb6
21. b4 a6 22. b5 axb5 23. Rxb5 Ke7 24. Rxb6 {Black resigns} 1-0

[Event "Team 45 45 League T58"]
[Site "Internet Chess Club"]
[Date "2013.09.01"]
[Round "2"]
[White "dmarcolino"]
[Black "Jack-ONeill"]
[Result "0-1"]
[WhiteElo "1959"]
[BlackElo "2067"]
[Opening "English: Neo-Catalan declined"]
[ECO "A14"]
[Time "09:02:00"]
[TimeControl "2700+45"]

1. c4 e6 2. g3 d5 3. Bg2 Nf6 4. Nf3 Be7 5. O-O O-O 6. b3 c5 7. e3 Nc6 8. Bb2 d4
9. exd4 cxd4 10. d3 e5 11. Re1 Qc7 12. a3 a5 13. Nbd2 Re8 14. Qc2 h6 15. Ne4
Nxe4 16. Rxe4 Bf5 17. Re2 Rad8 18. Rae1 Bc5 19. Nh4 Bg4 20. f3 Bc8 21. f4 Bg4
22. Nf3 f6 23. h3 Bh5 24. g4 Bf7 25. fxe5 fxe5 26. Nd2 Kh8 27. Ne4 Be7 28. Rf1
Rf8 29. Ref2 Bg6 30. Bc1 Rxf2 31. Rxf2 Bh4 32. Rf1 Qe7 33. Qe2 Kg8 34. g5 Bxg5
35. Bxg5 hxg5 36. Qg4 Rf8 37. Rxf8+ Qxf8 38. Nxg5 Qf5 39. Bd5+ Kf8 40. Ne6+ Ke7
41. Qh4+ Qf6 42. Qh8 Bxd3 43. Qxg7+ Qxg7+ 44. Nxg7 Bc2 45. c5 d3 46. Be4 Nd4 47.
Nf5+ Nxf5 48. Bxf5 Kf6 49. Be4 Kg5 50. Kf2 Kf4 51. Bxb7 d2 52. Bf3 e4 53. Be2
e3+ 54. Kf1 Bd3 {White resigns} 0-1

[Event "Team 45 45 League T58"]
[Site "Internet Chess Club"]
[Date "2013.08.29"]
[Round "2"]
[White "Ptzz"]
[Black "jjimalo"]
[Result "1-0"]
[WhiteElo "2099"]
[BlackElo "1938"]
[Opening "Sicilian: Canal-Sokolsky attack, Sokolsky variation"]
[ECO "B52"]
[Time "12:01:19"]
[TimeControl "2700+45"]

1. e4 c5 2. Nf3 d6 3. Bb5+ Bd7 4. Bxd7+ Qxd7 5. c4 Nc6 6. d4 cxd4 7. Nxd4 Nf6 8.
Nc3 g6 9. f3 Bg7 10. Be3 O-O 11. O-O Nxd4 12. Bxd4 Rfc8 13. b3 Qd8 14. Rc1 Rc6
15. Nd5 Nxd5 16. exd5 Bxd4+ 17. Qxd4 Qb6 18. Qxb6 Rxb6 19. Rc3 a5 20. a4 Rba6
21. Re1 Kf8 22. f4 b6 23. g4 f6 24. h4 Kf7 25. Kg2 R6a7 26. Rh3 Rg8 27. g5 f5
28. h5 Raa8 29. hxg6+ hxg6 30. Rh7+ {Black resigns} 1-0

[Event "Team 45 45 League T58"]
[Site "Internet Chess Club"]
[Date "2013.08.31"]
[Round "2"]
[White "Holzschlange"]
[Black "justice02"]
[Result "0-1"]
[WhiteElo "1794"]
[BlackElo "1803"]
[Opening "Grünfeld: modern exchange variation"]
[ECO "D70"]
[Time "18:03:12"]
[TimeControl "2700+45"]

1. d4 Nf6 2. Nf3 g6 3. c4 d5 4. cxd5 Nxd5 5. Nc3 Nxc3 6. bxc3 Bg7 7. e4 c5 8.
Be3 O-O 9. Be2 Nc6 10. O-O cxd4 11. cxd4 b6 12. Rc1 Bb7 13. Qd2 e6 14. Rfd1 Qe7
15. Bh6 Rfc8 16. Bxg7 Kxg7 17. Qb2 Qb4 18. Qa1 Kg8 19. Rc4 Qe7 20. Bd3 Nb4 21.
Rxc8+ Rxc8 22. Qb1 Nxd3 23. Qxd3 Qb4 24. h3 Rc3 25. Qd2 Bxe4 26. Ng5 Bd5 27. Qf4
Qf8 28. Ne4 Bxe4 29. Qxe4 Qa3 30. d5 Rc1 31. Rxc1 Qxc1+ 32. Kh2 Qc7+ 33. Kg1
exd5 34. Qxd5 a5 35. Qe4 Qc1+ 36. Kh2 Qb2 37. Kg1 Qxa2 38. Qe8+ Kg7 39. Qe5+ f6
40. Qc7+ Qf7 41. Qxb6 a4 42. Qa5 Qd7 43. Kh2 g5 44. g4 Qd6+ 45. Kg2 a3 46. Qa7+
Kh6 47. Qa4 Qd5+ 48. Kg1 a2 49. Qa6 Qd1+ 50. Kg2 a1=Q {White resigns} 0-1